 Dungeon Crawl Stone Soup version 0.28.0-43-g3370ac3207 (webtiles) character file.

Game seed: 1539447656907514332

4372 pkoi the Insei (level 9, -11/69 HPs)
             Began as a Demigod Gladiator on Mar 29, 2022.
             Mangled by an orc warrior
             ... wielding a +0 hand axe
              (15 damage)
             ... on level 8 of the Dungeon.
             The game lasted 00:16:50 (9169 turns).

pkoi the Insei (Demigod Gladiator)                  Turns: 9169, Time: 00:16:50

Health: -11/69     AC:  6    Str: 15    XL:     9   Next: 89%
Magic:  16/16      EV: 14    Int: 22    God:
Gold:   250        SH:  5    Dex: 15    Spells: 4/14 levels left

rFire   + . .      SeeInvis .     - Unarmed
rCold   . . .      Faith    .   (no shield)
rNeg    + . .      Spirit   .   i - +2 robe {rF+}
rPois   .          Reflect  +   b - +1 helmet
rElec   .          Harm     .   (no cloak)
rCorr   .          Rampage  .   (no gloves)
Will    .....                   (no boots)
Stlth   +.........              B - amulet of reflection
HPRegen 0.21/turn               v - ring of positive energy
MPRegen 0.15/turn               (no ring)

@: no status effects
A: high MP 1, forlorn, divine attributes
a: no special abilities


You were on level 8 of the Dungeon.
You visited 1 branch of the dungeon, and saw 8 of its levels.
You also visited: Sewer and Ossuary.

You collected 250 gold pieces.

Inventory:

Hand Weapons
 d - a +0 hand axe
 j - a +0 dagger
 o - a +2 hand axe of flaming
 s - a +2 dagger of draining
Missiles
 c - 3 throwing nets
 f - 2 atropa-tipped darts
 k - 25 poisoned darts (quivered)
 J - 3 boomerangs
Armour
 a - a +0 leather armour
 b - a +1 helmet (worn)
 i - a +2 robe of fire resistance (worn)
 r - a +0 troll leather armour {Pargi}
 K - a +0 robe
Jewellery
 v - a ring of positive energy (left hand)
 B - an amulet of reflection (around neck)
Wands
 g - a wand of polymorph (10)
 x - a wand of charming (6)
 I - a wand of mindburst (18)
Scrolls
 q - 2 scrolls of teleportation
 A - 3 scrolls of blinking
Potions
 e - 2 potions of haste
 h - 6 potions of curing {unknown}
 l - 4 potions of heal wounds
 n - 2 potions of flight
 p - 3 potions of mutation {unknown}
 w - a potion of cancellation
 z - 3 potions of magic
 G - 2 potions of might
 H - a potion of ambrosia
Miscellaneous
 M - a lightning rod (inert)


   Skills:
 - Level 3.0 Fighting
 - Level 1.7 Throwing
 + Level 3.4 Armour
 - Level 6.0 Dodging
 + Level 7.6 Unarmed Combat
 - Level 3.0 Spellcasting
 + Level 5.0 Conjurations
 + Level 3.5 Hexes
 + Level 5.1 Translocations
 + Level 1.0 Evocations


You had 4 spell levels left.
You knew the following spells:

 Your Spells              Type           Power      Damage    Failure   Level
a - Blink                 Tloc           50%        N/A       2%          2
b - Iskenderun's Mystic   Conj/Tloc      25%        2d7       16%         4
c - Fulminant Prism       Conj/Hex       11%        3d9       22%         4

Your spell library contained the following spells:

 Spells                   Type           Power      Damage    Failure   Level
 Tukima's Dance           Hex            18%        N/A       9%          3
 Anguish                  Hex/Necr       5%         N/A       52%         4
 Manifold Assault         Tloc           25%        N/A       38%         5
 Lee's Rapid Deconstruct  Erth           1%         3d5*      98%         5
 Enfeeble                 Hex            9%         N/A       100%        7
 Storm Form               Tmut/Air       1%         N/A       100%        7


Dungeon Overview and Level Annotations

Branches:
Dungeon (8/15)              Sewer (visited)         Ossuary (visited)
 Temple: D:4-7         Lair: D:8-11

Shops:
D:1 *


Innate Abilities, Weirdness & Mutations

You have an increased reservoir of magic. (+10% MP)
You shall have no god before yourself.
Your divine heritage dramatically boosts your attributes as you level up.


Message History

Items here: ))) [[[ †.
An orc warrior is nearby!
An orc warrior is nearby!
Items here: ))) [[[ †.
The orc warrior hits you with a +0 hand axe.
Items here: ))) [[[ †.
You hit the orc warrior but do no damage.
The orc warrior hits you with a +0 hand axe!
You hit the orc warrior but do no damage.
You closely miss the orc warrior. The orc warrior closely misses you.
You closely miss the orc warrior.
The orc warrior hits you with a +0 hand axe!
* * * LOW HITPOINT WARNING * * *
You barely miss the orc warrior. The orc warrior closely misses you.
You hit the orc warrior. Your punch misses the orc warrior.
The orc warrior is lightly wounded.
The orc warrior misses you.
You closely miss the orc warrior.
The orc warrior is lightly wounded.
The orc warrior hits you with a +0 hand axe!
* * * LOW HITPOINT WARNING * * *
You hit the orc warrior. You punch the orc warrior.
The orc warrior is heavily wounded.
The orc warrior hits you with a +0 hand axe!
* * * LOW HITPOINT WARNING * * *
You barely miss the orc warrior.
The orc warrior is heavily wounded.
You barely miss the orc warrior.
The orc warrior is heavily wounded.
The orc warrior hits you with a +0 hand axe!
* * * LOW HITPOINT WARNING * * *
Okay, then.
Okay, then.
The orc warrior hits you with a +0 hand axe.
* * * LOW HITPOINT WARNING * * *
Okay, then.
As you read the scroll of summoning, it crumbles to dust.
Wisps of shadow whirl around you...
The orc warrior hits you with a +0 hand axe!
You die...

#.#..##...............#
#.#.###.#.#.#....#.#### #.#.#
#.#...#.####.#### #.#.#
#.#.###(#........ #.#.#
#.#..##.#.##.#### #.#)#
#.#.....#.##.# # #.#.#
#o#..##<#.##.# #
###########.#.###o#o.##.#.##.# #
............(..o@oo......>##.####
###)#######.#.###o#o.....).......
............#.# #o#..........####
###.#######.#.# #o#.##########
#.# ###.# #.#.# #.# #.# #.#.# #.#
#.# #.#.# #.# #.###.#.##### #J#
#........[..#


You could see an orc warrior (ally target), a friendly orc warrior (summoned)
and 8 friendly orcs.

Vanquished Creatures
  Psyche (D:8)
  A slime creature (D:8)
  10 yaks
  Pargi (Sewer)
  An ice beast (D:5)
  2 necrophages
  An ogre (D:6)
  A centaur (D:8)
  3 bullfrogs
  10 scorpions
  4 wights (D:8)
  A howler monkey (D:5)
  A bullfrog zombie (D:5)
  A jelly (D:5)
  3 centaur zombies (Ossuary)
  2 iguanas
  9 scorpion zombies (Ossuary)
  An orc wizard (D:5)
  3 mummies (Ossuary)
  4 gnolls (D:5)
  2 adders
  An adder zombie (D:5)
  3 dart slugs
  13 orcs
  5 bats
  2 endoplasms (D:1)
  5 giant cockroaches
  3 gnoll zombies (Ossuary)
  7 hobgoblins
  9 jackals
  11 kobolds
  7 quokkas
  12 ball pythons
  7 frilled lizards
  7 goblins
  3 hobgoblin zombies (Ossuary)
  2 kobold zombies (Ossuary)
  2 orc zombies (Ossuary)
  A rat (D:2)
162 creatures vanquished.

Vanquished Creatures (collateral kills)
  2 slime creatures (D:8)
  An ice beast (D:8)
3 creatures vanquished.

Grand Total: 165 creatures vanquished

Notes
Turn   | Place    | Note
-------+----------+-------------------------------------------
     0 | D:1      | pkoi the Demigod Gladiator began the quest for the Orb.
     0 | D:1      | Reached XP level 1. HP: 17/17 MP: 3/3
   119 | D:1      | Reached skill level 3 in Unarmed Combat
   508 | D:1      | Reached XP level 2. HP: 20/24 MP: 4/4
   937 | D:1      | Found Zane's General Store.
  1677 | D:2      | Reached XP level 3. HP: 26/29 MP: 5/5
  1715 | D:2      | Reached skill level 4 in Unarmed Combat
  2993 | D:3      | Reached XP level 4. HP: 31/36 MP: 6/6
  3074 | D:3      | Found a glowing drain.
  3086 | Sewer    | Entered a sewer
  3438 | Sewer    | Noticed Pargi
  3460 | Sewer    | Killed Pargi
  3461 | Sewer    | Reached skill level 5 in Unarmed Combat
  3461 | Sewer    | Reached XP level 5. HP: 8/42 MP: 7/7
  4675 | D:4      | Learned a level 2 spell: Blink
  5175 | D:4      | Reached XP level 6. HP: 39/50 MP: 7/9
  5199 | D:4      | Learned a level 4 spell: Iskenderun's Mystic Blast
  5359 | D:5      | Entered Level 5 of the Dungeon
  5378 | D:5      | Noticed a yak
  5380 | D:5      | Noticed a yak
  5380 | D:5      | Noticed a yak
  5380 | D:5      | Noticed a yak
  5391 | D:5      | Found a sand-covered staircase.
  5400 | Ossuary  | Entered an ossuary
  5475 | Ossuary  | Reached skill level 1 in Spellcasting
  5475 | Ossuary  | Reached skill level 1 in Translocations
  5492 | Ossuary  | Reached skill level 1 in Conjurations
  5666 | Ossuary  | Reached XP level 7. HP: 22/57 MP: 12/12
  5979 | Ossuary  | Reached skill level 6 in Unarmed Combat
  6436 | D:5      | Reached XP level 8. HP: 59/62 MP: 15/15
  6754 | D:5      | Reached skill level 5 in Dodging
  6924 | D:5      | Learned a level 4 spell: Fulminant Prism
  7063 | D:4      | Reached skill level 1 in Armour
  7063 | D:4      | Reached skill level 1 in Hexes
  7700 | D:5      | Reached XP level 9. HP: 22/69 MP: 16/16
  7760 | D:4      | Reached skill level 7 in Unarmed Combat
  8518 | D:6      | You fall into a shaft and drop 2 floors!
  8721 | D:8      | Reached skill level 5 in Translocations
  8855 | D:8      | Noticed Psyche
  8868 | D:8      | Killed Psyche
  8869 | D:8      | Reached skill level 5 in Conjurations
  9082 | D:8      | Reached skill level 1 in Evocations
  9169 | D:8      | Mangled by an orc warrior

Illustrated notes

Levels and vault maps discovered:
D:1:      sevenhm_arrival_forest_fort_large_4, layout_basic, serial_shops, shop,
          minmay_hedge_maze, minmay_bisected
D:2:      layout_basic, chequers_ecumenical_altar_grove
D:3:      layout_loops_ring, gup_sewer_entry_pipe, dk_vineyard_2, st_stairs_5,
          grunt_ministairs_14
D:4:      layout_loops_ring, mainiacjoe_overflow_concentric_impassable
D:5:      layout_cave_pools, mainiacjoe_overflow_surrounded_room,
          chequers_ossuary_entry_cave
D:6:      layout_rooms, amcnicky_altar_gilded, minivault_10
D:7:      layout_rooms, mainiacjoe_overflow_boulevard,
          minmay_temple_entry_trees, uniq_pikel
D:8:      layout_basic, serial_shops, shop, uniq_psyche

Skill      XL: |  1  2  3  4  5  6  7  8  9 |
---------------+----------------------------+-----
Unarmed Combat | 3 4 5 6 7 |  7.6
Fighting       | 2 3 |  3.0
Dodging        | 3 4 5 6 |  6.0
Spellcasting   | 1 2 3 |  3.0
Translocations | 1 2 4 5 |  5.1
Conjurations   | 1 2 4 5 |  5.0
Armour         | 1 3 |  3.4
Hexes          | 2 3 |  3.5
Evocations     | 1 |  1.0
Throwing       | |  1.7

Action                   |  1- 3 |  4- 6 |  7- 9 || total
-------------------------+-------+-------+-------++-------
Melee: Unarmed           |   209 |   225 |   478 ||   912
       Punch             |    13 |    15 |    26 ||    54
       Dagger            |    20 |     3 |       ||    23
Throw: Dart              |       |     2 |    73 ||    75
Evoke: Lightning rod     |       |       |     4 ||     4
       Wand              |       |       |     1 ||     1
  Use: Scroll            |     5 |     3 |    17 ||    25
 Stab: Sleeping          |       |     1 |     1 ||     2
Armor: Leather armour    |    52 |    26 |       ||    78
       Troll leather arm |       |    50 |    74 ||   124
       Robe              |       |       |     3 ||     3
Dodge: Dodged            |   160 |   146 |   256 ||   562
Block: Other             |       |       |    13 ||    13
